 Dungeon Crawl Stone Soup version 0.30-a0-1008-g30c9307041 (webtiles) character file.

Game seed: 12177730446999301660

2501 bande the Cleaver (level 9, -7/55 HPs)
             Began as a Gargoyle Fighter on Apr 5, 2023.
             Was a Believer of Okawaru.
             Killed by divine providence
             ... invoked by an orc priest
              (13 damage)
             ... on level 8 of the Dungeon.
             The game lasted 00:10:15 (7314 turns).

bande the Cleaver (Gargoyle Fighter)                Turns: 7314, Time: 00:10:15

Health: -7/55      AC: 19    Str: 20    XL:     9   Next: 53%
Magic:  0/11       EV:  7    Int:  9    God:    Okawaru [**....]
Gold:   548        SH:  6    Dex: 13    Spells: 8/8 levels left

rFire   . . .      SeeInvis .    a - +1 war axe (freeze)
rCold   . . .      Faith    .    c - +1 buckler
rNeg    + + .      Spirit   +    j - +0 chain mail
rPois   ∞          Reflect  .    D - +0 helmet
rElec   +          Rampage  .    t - +0 cloak
rCorr   +                        (no gloves)
Will    .....                    (no boots) Stlth
                                 r - amulet of guardian spirit
HPRegen 0.29/turn                k - ring of resist corrosion
MPRegen 0.12/turn                l - ring of positive energy

@: no status effects
A: sickness immunity, AC +6, negative energy resistance 1, electricity
resistance, torment resistance 1, petrification resistance
a: Renounce Religion, Heroism


You were on level 8 of the Dungeon.
You worshipped Okawaru.
Okawaru was pleased with you.
You visited 2 branches of the dungeon, and saw 9 of its levels.

You collected 548 gold pieces.

Inventory:

Hand Weapons
 a - a +1 war axe of freezing (weapon)
 v - a +2 mace of holy wrath
 y - a +0 war axe
Missiles
 q - 2 throwing nets (quivered)
Armour
 c - a +1 buckler (worn)
 j - a +0 chain mail (worn)
 t - a +0 cloak (worn)
 D - a +0 helmet (worn)
Jewellery
 k - a ring of resist corrosion (left hand)
 l - a ring of positive energy (right hand)
 n - an amulet of regeneration
 r - an amulet of guardian spirit (around neck)
 s - a ring of magical power
 z - a ring of protection from cold
 A - an amulet of reflection
Wands
 x - a wand of flame (15)
 C - a wand of polymorph (14)
Scrolls
 b - a scroll of blinking
 e - 2 scrolls of identify
 u - 2 scrolls of enchant weapon
 w - 2 scrolls of teleportation
Potions
 d - 3 potions of might
 f - 2 potions of heal wounds
 g - a potion of berserk rage
 h - 4 potions of brilliance
 i - 2 potions of haste
 m - 3 potions of curing
 o - 5 potions of invisibility
 p - 3 potions of resistance
 B - a potion of cancellation


   Skills:
 + Level 6.2 Fighting
 + Level 8.1 Axes
 + Level 6.4 Armour
 + Level 5.0 Shields
 * Level 3.5 Invocations
 * Level 2.6 Evocations


You had 8 spell levels left.
You didn't know any spells.
Your spell library contained the following spells:

 Spells                   Type           Power      Damage    Failure   Level
 Shock                    Conj/Air       0%         1d3       98%         1
 Swiftness                Air            0%         N/A       100%        3
 Airstrike                Air            0%         2d(0-16)  100%        4


Dungeon Overview and Level Annotations

Branches:
Dungeon (8/15)             Temple (1/1) D:6
   Lair: D:8-11

Altars:
Ashenzari
Cheibriados
Dithmenos
Elyvilon
Gozag
Kikubaaqudgha
Makhleb
Nemelex Xobeh
Okawaru
Qazlal
Ru
Vehumet
Wu Jian
Xom
Yredelemnul
Zin
The Shining One

Shops:
D:1 :   D:4 =

Annotations:
D:6 2 transporters


Innate Abilities, Weirdness & Mutations

You are immune to sickness and miasma.
Your stone body is resilient. (AC +6)
You are immune to poison.
You resist negative energy. (rN+)
You are resistant to electric shocks. (rElec)
You are resistant to unholy torment.
You are immune to petrification.


Message History

You hit the wight but do no damage.
The wight hits you with a +5 dire flail of freezing.
The wight freezes you. You block the wight's attack.
You slash the wight!
The wight is heavily damaged.
The wight hits you but does no damage.
You slash the wight!
The wight is almost destroyed.
The wight hits you but does no damage.
The orc priest casts a cantrip, but nothing happens.
You slash the wight!
You destroy the wight!
Okawaru accepts your kill.
You slash something! You freeze something.
Something hits you but does no damage.
You barely miss something.
The orc priest invokes the aid of Beogh against you.
Beogh smites you! Something hits you but does no damage.
You slash something! You freeze something. Okawaru accepts your kill.
Reactivating autopickup.
You feel a bit more experienced.
You barely miss the orc. The orc hits you but does no damage. x2
You slash the orc! You freeze the orc.
You kill the orc!
Okawaru accepts your kill.
You slash the wight!
The wight is heavily damaged.
The orc priest calls down the wrath of Beogh upon you.
Beogh smites you! You block the wight's attack.
You slash the wight!
You destroy the wight!
Okawaru accepts your kill.
The orc priest invokes the aid of Beogh against you.
Beogh smites you!
* * * LOW HITPOINT WARNING * * *
The orc priest looks encouraged for a moment.
The orc priest invokes the aid of Beogh against you.
Beogh smites you!
You die...

#.# #.# #.# #.# #
#.# #.# . #.# #.# .
.. #.#
#.#########....
...#.#
#.#!...@ooDo...
...#.#
#.#.#########..
...#.#####.#.......#
...........#.......#
<..#.#..............
...#.#.###.##......#
...#.#.#...........#
..<..#.##..##.#.##.#
...#.#...... ....(..


You could see an acid dragon, 2 orc priests and an orc.

Vanquished Creatures
  A hornet (D:6)
  An ice beast (D:8)
  4 ogres (D:6)
  A black bear (D:6)
  A centaur (D:7)
  3 phantoms
  Blork the orc (D:6)
  3 bullfrogs
  2 scorpions
  4 wights (D:8)
  5 howler monkeys
  2 hounds
  A jelly (D:7)
  A gnoll bouda (D:5)
  3 orc priests
  5 orc wizards
  2 sleepcaps
  2 iguanas
  10 gnolls
  4 adders
  A shadow imp (D:6)
  An ufetubus (D:4)
  4 worms
  23 orcs
  7 endoplasms
  3 giant cockroaches
  9 goblins
  5 hobgoblins
  5 jackals (D:1)
  4 quokkas
  6 ball pythons
  3 bats
  A frilled lizard (D:1)
  5 kobolds
  6 rats
139 creatures vanquished.

Notes
Turn   | Place    | Note
-------+----------+-------------------------------------------
     0 | D:1      | bande the Gargoyle Fighter began the quest for the Orb.
     0 | D:1      | Reached XP level 1. HP: 14/14 MP: 1/1
   153 | D:1      | Found a faded altar of an unknown god.
   373 | D:1      | Reached XP level 2. HP: 19/19 MP: 2/2
   461 | D:1      | Reached skill level 2 in Axes
   461 | D:1      | Found Axiycil's Book Shoppe.
   580 | D:1      | Reached XP level 3. HP: 24/24 MP: 3/3
  2093 | D:3      | Reached skill level 3 in Axes
  2093 | D:3      | Reached XP level 4. HP: 29/29 MP: 4/4
  2501 | D:2      | Reached XP level 5. HP: 18/33 MP: 5/5
  2939 | D:3      | Noticed a phantom
  2945 | D:3      | Killed a phantom
  2946 | D:3      | Reached skill level 4 in Axes
  2946 | D:3      | Reached XP level 6. HP: 18/38 MP: 2/6
  3882 | D:4      | Found a shadowy altar of Dithmenos.
  4103 | D:4      | Reached XP level 7. HP: 40/44 MP: 5/7
  4346 | D:4      | Found Cettan's Jewellery Boutique.
  4395 | D:5      | Entered Level 5 of the Dungeon
  4448 | D:5      | Reached skill level 5 in Axes
  4545 | D:5      | Reached skill level 5 in Fighting
  4703 | D:5      | Found an ancient bone altar of Kikubaaqudgha.
  4735 | D:5      | Found a radiant altar of Vehumet.
  4738 | D:5      | Found a glowing silver altar of Zin.
  4738 | D:5      | Found a shimmering altar of Xom.
  4740 | D:5      | Found a broken altar of Ashenzari.
  4740 | D:5      | Found a radiant altar of Vehumet.
  4740 | D:5      | Found a snail-covered altar of Cheibriados.
  4899 | D:5      | Reached skill level 5 in Armour
  5030 | D:5      | Found an opulent altar of Gozag.
  5044 | D:5      | Found a sacrificial altar of Ru.
  5156 | D:5      | Reached skill level 6 in Axes
  5512 | D:6      | Found a transporter.
  5514 | D:6      | Found a transporter.
  5522 | D:6      | Noticed a troll
  5530 | D:6      | Noticed a cyclops
  5535 | D:6      | Found a burning altar of Makhleb.
  5551 | D:6      | Reached XP level 8. HP: 40/49 MP: 6/8
  5618 | D:6      | Found a staircase to the Ecumenical Temple.
  5639 | Temple   | Entered the Ecumenical Temple
  5643 | Temple   | Became a worshipper of Warmaster Okawaru
  5655 | D:6      | Noticed Blork the orc
  5670 | D:6      | Killed Blork the orc
  5674 | D:6      | Reached skill level 1 in Invocations
  5763 | D:6      | Found a broken altar of Ashenzari.
  6133 | D:6      | Reached skill level 7 in Axes
  6133 | D:6      | Reached skill level 1 in Evocations
  6357 | D:7      | Reached * piety under Okawaru
  6363 | D:7      | Noticed a hornet
  6391 | D:6      | Killed a hornet
  6392 | D:6      | Reached XP level 9. HP: 33/55 MP: 7/11
  6799 | D:7      | Reached ** piety under Okawaru
  7300 | D:8      | Reached skill level 5 in Shields
  7303 | D:8      | Reached skill level 8 in Axes
  7314 | D:8      | Killed from afar by an orc priest

Illustrated notes

Levels and vault maps discovered:
D:1:      tarquinn_simple_flora_water_c, layout_loops_ring, serial_shops, shop,
          shapermc_ecumenical_altar_notcrosses
D:2:      layout_basic, nicolae_kite_square_tiling_tiny,
          chequers_hall_statues_wall_a, grunt_decor_junction,
          minmay_goblin_kobold_house
D:3:      layout_rooms, eino_tiny_chamber, grunt_decor_fettered,
          minmay_randomly_rotated_circles
D:4:      layout_basic, old_standard_altar, serial_shops,
          nicolae_shop_temple_entry_statues_fountains, minmay_misc_feat_doors,
          interstate_on_off, nicolae_underground_beach
D:5:      layout_loops_cross, amcnicky_altar_gilded, doesnt_xom_only_xom,
          grunt_temple_overflow_open
D:6:      layout_gridville, mainiacjoe_overflow_alcove_1,
          gammafunk_temple_overflow_arena, minmay_temple_entry_antechambers,
          skrybe_limestone_x, uniq_blork_the_orc
D:7:      layout_cave_pods
D:8:      layout_basic, enter_bailey_3
Temple:   nicolae_temple_x_marks_the_god

Skill      XL: |  1  2  3  4  5  6  7  8  9 |
---------------+----------------------------+-----
Axes           | 2 3 4 6 7 8 |  8.1
Fighting       | 4 5 6 |  6.2
Armour         | 4 5 6 |  6.4
Shields        | 4 5 |  5.0
Invocations    | 2 3 |  3.5
Evocations     | 1 2 |  2.6

Action                     |  1- 3 |  4- 6 |  7- 9 || total
---------------------------+-------+-------+-------++-------
  Melee: War axe           |   118 |   144 |   260 ||   522
    Use: Scroll            |     3 |    14 |     4 ||    21
 Armour: Scale mail        |    79 |       |       ||    79
         Chain mail        |     2 |   134 |   150 ||   286
  Dodge: Dodged            |    55 |    56 |    96 ||   207
  Block: Buckler           |    26 |    33 |    79 ||   138

Table legend: (Time is in decaauts)
 A = Elapsed time spent in this place.
 B = Non-inter-level travel time spent in this place.
 C = Inter-level travel time spent in this place.
 D = Time resting spent in this place.
 E = Time spent auto-exploring this place.
 F = Levels seen in this place.
 G = Mean time per level.
                   A        B        C        D        E       F      G
               +--------+--------+--------+--------+--------+-----+--------+
         Total |   7479 |   7196 |    283 |   1820 |   4036 |   9 |  831.0 |
       Dungeon |   7470 |   7187 |    283 |   1820 |   4036 |   8 |  933.8 |
        Temple |      8 |      8 |      0 |      0 |      0 |   1 |    8.0 |
               +--------+--------+--------+--------+--------+-----+--------+

Top non-repeatable levels by time:
     D:2: 1957 daAuts
     D:5: 1070 daAuts
     D:3: 914 daAuts
     D:6: 909 daAuts
     D:1: 902 daAuts
     D:7: 872 daAuts
     D:4: 729 daAuts
     D:8: 113 daAuts
  Temple: 8 daAuts
